Cogmind - Beta 14 @@@ ROGUE MODE // 2024.11.09 @ 04:30:54 Player: Hinzy Result: Destroyed by as-18292 with Assembled F-torch Performance ------------- Evolutions (0) 0 Regions Visited (2) 400 Robots Destroyed (21) 105 Value Destroyed (440) 440 Prototype IDs (0) 0 Alien Tech Used (0) 0 Bonus (15) 15 TOTAL SCORE: 960 Bonus ------- High Alert Combat Kills 19 Friendly Fire -4 Cogmind --------- Core Integrity 0/250 Matter 36/300 Energy 23/100 System Corruption 16% Temperature Warm (119) Movement Walking (120) Location -10/Mines Parts ------- > --- POWER (1) -------- (None) > --- PROPULSION (2) --- Light Treads Aluminum Leg > --- UTILITY (2) ------ (None) > --- WEAPON (2) ------- (None) > --- INVENTORY (5) ---- Light Treads Aluminum Leg Peak State ------------ > --- POWER ------------ Light Ion Engine > --- PROPULSION ------- Aluminum Leg Aluminum Leg > --- UTILITY ---------- Improved Terrain Scanner Seismic Detector > --- WEAPON ----------- EM Pulse Gun Medium Laser > --- INVENTORY -------- Light Ion Engine Light Treads Light Treads Small Storage Unit Light Assault Rifle [Rating: 9] Favorites ----------- Power Light Ion Engine Engine Light Ion Engine Propulsion Aluminum Leg Treads Light Treads Leg Aluminum Leg Utility Seismic Detector Device Seismic Detector Storage Medium Matter Pod Protection Light Armor Plating Weapon EM Pulse Gun Energy Gun EM Pulse Gun Ballistic Cannon Light Cannon Launcher Grenade Launcher Special Weapon Mining Laser Build | -11 -10 -10 ------- Run | Yrd Mat Min Slots Evolved . | . . . Power . | . . . Propulsion . | . . . Utility . | . . . Weapon . | . . . Parts Attached 30 | 9 14 7 Power 4 | 2 2 . Engine 4 | 2 2 . Core . | . . . Reactor . | . . . Propulsion 9 | 2 5 2 Treads 4 | . 3 1 Leg 5 | 2 2 1 Wheel . | . . . Hover . | . . . Flight . | . . . Utility 7 | 3 3 1 Device 4 | 2 2 . Storage 2 | 1 1 . Processor . | . . . Hackware . | . . . Protection 1 | . . 1 Artifact . | . . . Weapon 10 | 2 4 4 Energy Gun 5 | 2 2 1 Energy Cannon . | . . . Ballistic Gun . | . . . Ballistic Cannon 1 | . 1 . Launcher 3 | . 1 2 Special Weapon 1 | . . 1 Impact Weapon . | . . . Slashing Weapon . | . . . Piercing Weapon . | . . . Special Melee Weapon . | . . . Unidentified Prototypes . | . . . Parts Lost 9 | . . 9 Power 1 | . . 1 Propulsion . | . . . Utility 3 | . . 3 Weapon 5 | . . 5 Highest Loss Streak 5 | . . 5 To Critical Strikes . | . . . Average Slot Usage (%) 89 | . 97 77 Engine 10 | . 13 7 Treads 1 | . 1 . Leg 22 | . 25 18 Device 18 | . 27 6 Storage 5 | . . 13 Protection 2 | . . 6 Energy Gun 7 | . 12 . Ballistic Cannon 8 | . 9 7 Launcher 7 | . 5 11 Special Weapon 2 | . . 5 Peak Build Rating 9 | 9 9 8 Average Rating 7 | 8 8 5 On Entrance 5 | . 9 7 Naked Turns . | . . . Heaviest Build 13 | 13 12 13 Greatest Support 40 | 20 40 20 Greatest Overweight (x) 2 | 1 1 2 Average Overweight (x) . | . . . Largest Inventory Capacity 8 | 8 5 5 Average Capacity 5 | 5 5 5 Most Carried 5 | 5 5 5 Average Carried 4 | 4 4 4 Final Capacity 5 | 5 5 5 Final Carried 5 | 5 5 2 Class Distribution -------------------- 100% | Mutant Dominant Class ---------------- Mutant | -10/Materials Mutant | -10/Mines Resources | -11 -10 -10 ----------- Run | Yrd Mat Min Matter Collected 437 | 207 190 40 Remotely . | . . . Salvage Created 382 | 49 326 7 Parts 41 | 4 37 . Haulers Intercepted 1 | . 1 . Recyclers Shooed . | . . . Parts Field Recycled . | . . . Retrieved Matter . | . . . Parts Self-Destructed . | . . . Prevented . | . . . Kills | -11 -10 -10 ------- Run | Yrd Mat Min Combat Hostiles Destroyed 13 | . 11 2 Guns 1 | . 1 . Cannons 1 | . . 1 AOE 11 | . 10 1 Classes Destroyed 9 | 1 6 2 Worker 2 | . 2 . Builder 3 | . 3 . Tunneler 2 | 2 . . Hauler 1 | . 1 . Watcher 1 | . 1 . Swarmer 3 | . 3 . Grunt 8 | . 8 . Demolisher 1 | . . 1 Assembled 1 | . . 1 Best Kill Streak 6 | 2 6 1 Combat Bots Only 5 | . 5 1 Max Kills in Single Turn 2 | 2 2 1 Gunslinging . | . . . Exploded 2 | . 2 1 Melee . | . . . Uniques/NPCs Destroyed . | . . . Combat | -11 -10 -10 -------- Run | Yrd Mat Min Hostile Shots Fired 61 | . 22 39 Missed 16 | . 9 7 Damage Taken 986 | 36 152 798 Core 252 | . . 252 Absorbed by Shields . | . . . Core Remaining (%) 100 | 100 . . Volleys Fired 44 | 1 25 18 Largest 2 | 2 2 2 Hottest 135 | 90 90 135 Shots Fired 50 | 2 29 19 Gun 16 | 2 9 5 Cannon 2 | . 1 1 Launcher 26 | . 19 7 Special 6 | . . 6 Kinetic 2 | . 1 1 Thermal 11 | 1 4 6 Explosive 26 | . 19 7 Electromagnetic 11 | 1 5 5 Robot Hit Streak 5 | 2 5 3 Robot Miss Streak 4 | . 2 4 Penetration Max . | . . . Secondary Targets . | . . . Shots Hit Robots 18 | 2 10 6 Core Hits 51 | 2 30 19 Critical Kills . | . . . Critical Parts Destroyed . | . . . Critical Strikes . | . . . Melee Attacks . | . . . Impact . | . . . Slashing . | . . . Piercing . | . . . Sneak Attacks . | . . . Combat Hostiles . | . . . Follow-up Attacks . | . . . Damage Inflicted 1402 | 127 1061 214 Guns 95 | 28 67 . Cannons 34 | . 16 18 Explosions 1211 | 99 978 134 Melee . | . . . Ramming 14 | . . 14 Kinetic 34 | . 16 18 Thermal 185 | 112 25 48 Explosive 1112 | . 978 134 Electromagnetic 57 | 15 42 . Impact . | . . . Slashing . | . . . Piercing . | . . . Highest Corruption 16 | . . 16 Average Corruption 11 | . . 11 Corruption Purged . | . . . Corruption Blocked . | . . . Overload Shots . | . . . Overflow Damage 21 | 7 14 . Projectiles . | . . . Explosions 21 | 7 14 . Melee . | . . . Knockbacks . | . . . Impact . | . . . Kinetic . | . . . Secondary . | . . . Self-Inflicted Damage 51 | 36 15 . Shots 2 | 1 1 . Rammed . | . . . Targets Rammed 9 | . . 9 Kicked 9 | . . 9 Crushed . | . . . Highest Temperature 168 | 42 66 168 Average Temperature 39 | 24 23 50 Received Heat Transfer 400 | . 60 340 Siege Activations . | . . . Robots Corrupted . | . . . Combat Hostiles . | . . . Parts Fried . | . . . Impact Corruptions . | . . . Robots Melted . | . . . Combat Hostiles . | . . . Parts Melted 2 | 2 . . Heat Transferred 361 | 187 74 100 Parts Sabotaged . | . . . Parts Stolen . | . . . Parts Stripped . | . . . Power Chain Reactions 1 | 1 . . Alert | -11 -10 -10 ------- Run | Yrd Mat Min Peak Influence 425 | 10 425 175 Initial 165 | . 6 165 Average 105 | 8 124 155 Maximum Alert Level 2 | . 2 . Low Security (%) 93 | 100 84 100 Level 1 4 | . 10 . Level 2 2 | . 4 . Level 3 . | . . . Level 4 . | . . . Level 5 . | . . . High Security . | . . . Max Security . | . . . Squads Dispatched 2 | . 2 . Investigation 1 | . 1 . Extermination . | . . . Reinforcement 1 | . 1 . Assault . | . . . Garrison . | . . . Intercept . | . . . Searches Triggered . | . . . Construction Impeded . | . . . Haulers Reinforced . | . . . Active Scanning Responses . | . . . Cargo Convoy Interrupts . | . . . Stealth | -11 -10 -10 --------- Run | Yrd Mat Min Distress Signals 2 | . 2 . Communications Jammed . | . . . Distress Signals . | . . . Times Spotted 30 | . 22 8 Peak Tracking Total 6 | . 6 6 Tactical Retreats 2 | . 2 . Traps | -11 -10 -10 ------- Run | Yrd Mat Min Traps Triggered 4 | . 4 . Indirectly . | . . . Trap Hack Attempts . | . . . Triggered . | . . . Disarmed . | . . . Reprogrammed . | . . . Reused . | . . . Traps Extracted . | . . . Installed . | . . . Triggered . | . . . Machines | -11 -10 -10 ---------- Run | Yrd Mat Min Machines Disabled 2 | . 2 . Max in Single Turn 1 | . 1 . Machines Repaired . | . . . Machines Dismantled . | . . . Machines Sabotaged . | . . . Overloaded Fab Kills . | . . . Hacking | -11 -10 -10 --------- Run | Yrd Mat Min Machines Accessed 6 | . 6 . Terminals 5 | . 5 . Fabricators . | . . . Repair Stations . | . . . Recycling Units 1 | . 1 . Scanalyzers . | . . . Garrison Access . | . . . Total Hacks 13 | . 13 . Successful 8 | . 8 . Failed 5 | . 5 . Catastrophic 1 | . 1 . Database Lockouts . | . . . Manual . | . . . Terminals 12 | . 12 . Fabricators . | . . . Repair Stations . | . . . Recycling Units 1 | . 1 . Scanalyzers . | . . . Garrison Access . | . . . Terminal Hacks 7 | . 7 . Record 1 | . 1 . Branch Access Points 1 | . 1 . Locate Traps 1 | . 1 . Transport Status 1 | . 1 . Investigation Status 1 | . 1 . Recall Investigation 1 | . 1 . Zone Layout 1 | . 1 . Fabricator Hacks . | . . . Repair Station Hacks . | . . . Recycling Unit Hacks 1 | . 1 . Report Inventory 1 | . 1 . Scanalyzer . | . . . Garrison Access Hacks . | . . . Unauthorized Hacks . | . . . Terminals . | . . . Fabricators . | . . . Repair Stations . | . . . Recycling Units . | . . . Scanalyzers . | . . . Garrison Access . | . . . Data Cores Recovered . | . . . Used . | . . . Hacking Detections 4 | . 4 . Full Trace Events . | . . . Feedback Events . | . . . Feedback Blocked . | . . . Robot Schematics Acquired . | . . . Robots Built . | . . . Authchips . | . . . Time . | . . . Total Robot Build Rating . | . . . Part Schematics Acquired . | . . . Parts Built . | . . . Authchips . | . . . Time . | . . . Total Part Build Rating . | . . . Parts Repaired . | . . . Time . | . . . Parts Recycled . | . . . Recycled Matter . | . . . Retrieved Matter . | . . . Retrieved Components . | . . . Parts Scanalyzed . | . . . Part Schematics Acquired . | . . . Parts Damaged . | . . . Bothacking | -11 -10 -10 ------------ Run | Yrd Mat Min Used RIF Installer . | . . . Robots Hacked . | . . . Non-combat . | . . . Combat . | . . . Robot Hacks Applied . | . . . Relay Couplers Released . | . . . Fabnet Peak Effective % . | . . . Robots Rewired . | . . . Allies Hacked . | . . . Hacks Repelled . | . . . Allies | -11 -10 -10 -------- Run | Yrd Mat Min Total Allies . | . . . Largest Group . | . . . Highest-Rated Group . | . . . Highest-Rated Ally . | . . . Total Orders . | . . . Ally Attacks . | . . . Total Damage . | . . . Kills . | . . . Allies Corrupted . | . . . Allies Melted . | . . . Intel | -11 -10 -10 ------- Run | Yrd Mat Min Robot Analysis Total . | . . . Derelict Logs Recovered 1 | . . 1 Drone Launches . | . . . Drone Recoveries . | . . . Exploration | -11 -10 -10 ------------- Run | Yrd Mat Min Turns Passed 1394 | 343 618 433 Spaces Moved 734 | 82 378 274 Core 85 | 8 3 74 Treads 21 | . 21 . Legs 628 | 74 354 200 Wheels . | . . . Hover . | . . . Flight . | . . . Fastest Speed 50 | 50 50 100 Average Speed 123 | 114 121 127 Slowest Speed 160 | 120 160 150 Overloaded Moves . | . . . Propulsion Burnouts . | . . . Robots Hopped . | . . . Cave-ins Triggered . | . . . Exploration Rate (%) 36 | 6 58 44 Regions Visited 2 Branch Regions 1 Pre-discovered Areas . | . . . Known Exits Taken 1 | . 1 . Unknown Exits Taken 1 | 1 . . Scrap Searched . | . . . Spaces Dug 5 | . 3 2 Terrain Destroyed 122 | 2 82 38 Melee . | . . . Projectile 3 | . . 3 AOE 119 | 2 82 35 Terrain Rammed . | . . . Walls Destroyed . | . . . Machines Disabled . | . . . Actions | -11 -10 -10 --------- Run | Yrd Mat Min Total 1159 | 327 506 326 Wait 314 | 227 75 12 Move 732 | 81 377 274 Hop . | . . . Pick Up 15 | 6 7 2 Fast Attach 14 | 7 6 1 Attach 13 | 1 6 6 Detach 5 | 1 2 2 Swap 3 | 1 2 . Drop 10 | 2 6 2 Fire 44 | 1 25 18 Melee . | . . . Ram . | . . . Kick 9 | . . 9 Crush . | . . . Escape Stasis . | . . . Rewire . | . . . Trap . | . . . Miscellaneous . | . . . Route ------- -11/Scrapyard -10/Materials (discovered 3 exits: [*Mat] / *Min x2) -10/Mines History --------- Turn | Location | Event 3 | -11/Scrapyard | Discovered new exit (range 15) 344 | -11/Scrapyard | Entered Materials 345 | -10/Materials | Build established: Mutant 361 | -10/Materials | Identified exit to Mines 602 | -10/Materials | Discovered new exit (range 10) 962 | -10/Materials | Entered Mines 1059 | -10/Mines | Received a Rocket Launcher from a helpful Derelict 1133 | -10/Mines | Assembled infested the area 1138 | -10/Mines | Assisted by a Guerilla fighting off Assembled 1174 | -10/Mines | Found a hidden stash of uninstalled traps 1379 | -10/Mines | System corruption reached 10% 1385 | -10/Mines | Core integrity fell below 50% 1390 | -10/Mines | Core integrity fell below 20% 1395 | -10/Mines | Destroyed by as-18292 with Assembled F-torch Last Messages --------------- 01356_ U-05 Engineer lays Concrete. 01358_ K-01 Serf destroyed. 01358_ U-05 Engineer lays Concrete. 01360_ K-01 Serf destroyed. 01361_ Acquired 12 matter. 01363_ as-28784 destroyed. 01366_ Med. Matter Pod destroyed. 01366_ System corrupted by crushing effect (+3). 01371_ Grenade Launcher destroyed. 01371_ System corrupted by crushing effect (+4). 01372_ Acquired 25 matter. 01378_ Mining Laser destroyed. 01378_ System corrupted by crushing effect (+4). [Achievement: System Compromised] 01381_ Lgt. Armor Plating destroyed. 01381_ System corrupted by crushing effect (+5). 01384_ Knocked back. 01388_ Critical hit (Burn: +80). 01389_ EM Pulse Gun destroyed. 01392_ Kicked as-77544. Map ----- +----------------------------------------------------+ | ?????????????# ### #??????????????????? | | ?????????????# #??????????????????? | | ?????????????# ##??????????????????? | | ??????????????# #??????????????????? | | ?????????????## #???????????????????? | | ?????????????# ##???????????????????? | | ?????????????# #???????????????????? | | ?????????????## # ##??????????????????? | | ???????????##### #??????????????????? | | ??????????## ## # # & #??????????????????? | | ??????????# # ###& & #??????????????????? | | ?????????## ### # #?# &&##??????????????????? | | ?????????# #?## ##### ##?????????#?????????? | | ?????????# ##??# #?### ##???????? ##%=??????? | | ###??????# #???# ### ###????? #=%! ?????? | | # #####?# #???# #### #????## =%%#?????? | | ### #???# ## # ##?? |%#??????? | | ## ##?## # = % %###????? | | # ## ### # %*!%% #????? | | ?# ### ##### % =%!%= ????? | | ??# ## =% ! ????? | | ??# ## a % # ????? | | ??# ### a % ## ??????? | | ???# #### aa! ##??????????? | | ???# # # #???????????? | | ???## ##### ## @a ## #! ##???????????? | | ????### #???####### ## # = ##????????????? | | ??????# #?????????# ## = ##?????????????? | | ??????# ##????????# ######## ##??????????????? | | ??????# #????????## ##??????###???????????????? | | ??????### #?????????####?????????????????????????? | | ##??????# #??????????????????????????????????????? | | #?????## #?###??????????????????????????????????? | | ###????#" ## #??????????????????????????????????? | | ###### #??????????????????????????????????? | | ## #??????????????????????????????????? | | ###??????????????????????????????????? | | ##????????????????????????????????????? | | ## ##????????????????????????????????????? | | ?## ##???????????????????????????????????? | | ??#### ##??????????????????????????????????? | | #????##### #??????????????????????????????????? | | #####????## ##?????????????????????????????????? | | ##???## #?????????????????????????????????? | | """ ##### ##????????????????????????????????? | | """ #????????????????????????????????? | | """ #????????????????????????????????? | | #### #######????????????????????????????????? | | # ## #??????????????????????????????????????? | | ## ##?????????????????????????????????????? | +----------------------------------------------------+ Best States ------------- Heat Dissipation 25 Energy Generation 10 Energy Capacity 125 Matter Stores 242 Matter Capacity 400 Sight Range 16 Terrain Scan Range 16 Terrain Scan Density 10 Additional Mass Support 6 Armor Coverage 150 Evasion (%) 55 Recoil Reduction 2 Item Schematics ----------------- None Robot Schematics ------------------ None Fabricated ------------ Nothing Alien Tech Used ----------------- None Achievements -------------- Loot Pinata Oops System Compromised Challenges ------------ None Game ------ Seed ArmageddonNetworkJammer Manual? 0 Play Time 00:29:23 Cumulative 6.7 hours Start 2024.11.09 @ 04:03:33 End 2024.11.09 @ 04:30:54 Sessions 1 Manual Loads 0 Difficulty Rogue Special Mode None Game No. 6 Rogue 6 Adventurer 0 Explorer 0 Win Type - Total 0 Types 0/0/0/0/0/0/0/0/0 Lore% 6 Gallery% 9 Achievement% 10 Wizard Run 0 Options --------- Layout 1 ASCII 0 Keyboard 1 Movement Mouse Keybinds 0 Fullscreen 1 Font 24/Proggy Map View 50x35 Zoom Use 0% Tactical HUD 1 Map Filters NONE Filters NONE Steam 1 RUN: f0217d75-7b71-4c53-ae77-04d64b8497c0